AoeStats
← SPIKE

Arena

504953917Analyzed
4v4 RM · 26d ago on Sep 7, 2026· 49m 58s· 8 players
Game mode
Random Map
Map size
Large (8 player)
Population
200
Speed
Normal
Resources
Standard
Victory
Conquest
Starting age
Dark Age
Ending age
Imperial Age
RankedLock teamsTeams togetherTeam positionsShared explorationLock speedFull tech treeHidden civsTurbo modeCheats
Victory
Defeat
🇨🇳 Bulgarians · China
1187
+6
🇳🇿 Franks · New Zealand
905
+16
🇳🇿 Romans · New Zealand
871
+17
🇨🇳 Khmer · China
750
+21
🇳🇿 Celts · New Zealand
946
-18
910
-15
🇷🇺 Vietnamese · Russia
879
-14
🇺🇸 Goths · United States
860
-13
SiberianBeast
10:39 Feudal Age
11:11 Double-Bit Axe
11:58 Horse Collar
14:26 Wheelbarrow
19:20 Castle Age
18:30 Gold Mining
19:03 Stone Mining
20:31 Bow Saw
20:22 Heavy Plow
23:21 Hand Cart
24:18 Forging
24:08 Scale Mail Armor
25:36 Anarchy
28:20 Iron Casting
30:50 Chain Mail Armor
35:12 Pikeman
38:10 Loom
50:06 Imperial Age
Thats How We do action in Uganda
3:24 Loom
13:48 Feudal Age
14:42 Horse Collar
17:46 Castle Age
17:06 Double-Bit Axe
18:02 Gold Mining
18:11 Stone Mining
20:24 Bow Saw
20:39 Heavy Plow
23:06 Wheelbarrow
22:17 Town Watch
23:49 Scale Barding Armor
24:42 Forging
25:17 Bloodlines
26:01 Chain Barding Armor
27:05 Iron Casting
29:20 Hand Cart
30:03 Capped Ram
36:01 Imperial Age
34:27 Fletching
35:00 Ballistics
36:01 Padded Archer Armor
35:56 Bodkin Arrow
35:59 Murder Holes
36:14 Masonry
37:49 Two-Man Saw
37:24 Crop Rotation
37:47 Plate Barding Armor
36:47 Cavalier
38:58 Blast Furnace
38:59 Steppe Husbandry
39:19 Conscription
40:44 Thumb Ring
40:57 Leather Archer Armor
43:05 Chemistry
44:11 Ring Archer Armor
44:12 Paladin
45:46 Caravan
45:48 Elite Kipchak
49:38 Hoardings
Maca
11:48 Feudal Age
16:34 Castle Age
14:56 Double-Bit Axe
16:48 Scale Mail Armor
16:38 Horse Collar
21:55 Pikeman
24:05 Man-at-Arms
32:02 Forging
35:29 Imperial Age
34:53 Stronghold
35:42 Gambesons
36:34 Halberdier
38:40 Long Swordsman
39:08 Arson
40:40 Conscription
40:20 Two-Handed Swordsman
41:08 Scale Barding Armor
41:39 Iron Casting
41:36 Husbandry
42:05 Capped Ram
44:07 Chain Mail Armor
43:44 Fletching
43:18 Cavalier
43:22 Champion
45:55 Bow Saw
46:38 Bodkin Arrow
zuh
12:32 Feudal Age
13:58 Wheelbarrow
13:13 Horse Collar
13:26 Double-Bit Axe
15:03 Loom
15:36 Gold Mining
15:36 Stone Mining
27:32 Fletching
40:27 Castle Age
41:29 Bodkin Arrow
41:35 Padded Archer Armor
45:05 Padded Archer Armor
45:14 Squires
46:49 Crossbowman
IT5 A SQUATCH
0:28 Loom
12:13 Feudal Age
12:47 Double-Bit Axe
16:05 Wheelbarrow
19:43 Castle Age
19:47 Gold Mining
23:26 Stone Mining
24:33 Wheelbarrow
28:08 Bow Saw
32:20 Forging
32:17 Scale Barding Armor
34:08 Iron Casting
34:15 Chain Barding Armor
34:39 Hand Cart
35:14 Husbandry
38:35 Imperial Age
39:21 Cavalier
41:26 Caravan
41:41 Paladin
43:32 Chivalry
That NZ Guy
2:08 Loom
10:52 Feudal Age
15:25 Castle Age
13:21 Horse Collar
13:49 Double-Bit Axe
13:50 Horse Collar
18:23 Wheelbarrow
18:53 Bow Saw
19:22 Heavy Plow
20:19 Gold Mining
20:25 Stone Mining
22:16 Hand Cart
23:48 Gold Shaft Mining
27:36 Forging
27:28 Scale Mail Armor
27:33 Squires
26:55 Man-at-Arms
32:32 Imperial Age
30:08 Long Swordsman
31:58 Iron Casting
31:58 Chain Mail Armor
33:40 Comitatenses
32:53 Legionary
34:53 Blast Furnace
43:51 Fortified Wall
46:27 Conscription
_TY_梦涯
9:58 Feudal Age
8:51 Loom
11:24 Double-Bit Axe
14:11 Castle Age
13:54 Horse Collar
15:31 Bow Saw
19:35 Scale Barding Armor
25:58 Forging
25:49 Scale Mail Armor
30:56 Murder Holes
32:05 Fletching
32:38 Pikeman
41:25 Imperial Age
41:08 Chain Mail Armor
41:28 Iron Casting
42:02 Squires
41:47 Arson
41:34 Onager
42:27 Siege Engineers
43:18 Conscription
42:54 Stirrups
42:28 Halberdier
44:43 Plate Mail Armor
45:13 Blast Furnace
44:06 Capped Ram
46:51 Chemistry
45:36 Siege Ram
45:39 Heavy Scorpion
SPIKE
10:55 Feudal Age
15:12 Double-Bit Axe
15:10 Horse Collar
15:39 Gold Mining
16:31 Stone Mining
20:16 Castle Age
22:34 Bow Saw
25:27 Heavy Plow
28:49 Padded Archer Armor
28:40 Fletching
28:56 Scale Barding Armor
29:15 Ballistics
28:51 Murder Holes
29:07 Masonry
31:12 Fortified Wall
31:26 Chain Barding Armor
31:22 Leather Archer Armor
31:02 Bodkin Arrow
37:15 Imperial Age
40:47 Stone Shaft Mining
40:47 Gold Shaft Mining
42:01 Town Watch
42:51 Wheelbarrow
42:55 Plate Barding Armor
42:51 Ring Archer Armor
44:05 Town Patrol
44:42 Crop Rotation
45:03 Caravan
45:45 Husbandry
45:56 Bloodlines
47:43 Elite Ballista Elephant
49:05 Architecture
48:42 Siege Engineers
49:44 Chemistry
48:55 Bracer
49:31 Double Crossbow
50:22 Ring Archer Armor
50:22 Hand Cart
Connection lost

Rejoining the realm…

Still unreachable

The connection could not be restored.

Session expired

The server has moved on; the page needs a fresh start.